 Dungeon Crawl Stone Soup version 0.22.1-2-g9c5b331 (webtiles) character file.

11148 nicolaieve the Basher (level 11, 0/101 HPs)
             Began as a Minotaur Berserker on Dec 16, 2018.
             Was a High Priest of Trog.
             Slain by a skeletal warrior
             ... wielding a +0 long sword
             ... led by a skeletal warrior
              (9 damage)
             ... on level 11 of the Dungeon on Dec 19, 2018.
             The game lasted 00:50:02 (9961 turns).

nicolaieve the Basher (Minotaur Berserker)          Turns: 9961, Time: 00:50:03

Health: 0/101      AC: 17    Str: 24    XL:     11   Next: 45%
Magic:  10/10      EV:  9    Int:  4    God:    Trog [*****.]
Gold:   932        SH:  4    Dex: 11    Spells: 10/10 levels left

rFire    . . .     SeeInvis .   C - +5 flail (venom)
rCold    . . .     Gourm    .   n - +0 buckler
rNeg     . . .     Faith    .   U - +0 plate armour
rPois    .         Spirit   .   (helmet restricted)
rElec    .         Reflect  .   F - scarf {repulsion}
rCorr    +         Harm     .   (no gloves)
MR       +....                  D - +0 pair of boots
Stlth    ..........             (no amulet)
HPRegen  0.26/turn              u - ring of protection from magic
MPRegen  0.12/turn              K - ring of resist corrosion

@: berserk cooldown, slowed, repel missiles, very slow
A: retaliatory headbutt, horns 2
a: Berserk, Trog's Hand, Brothers in Arms, Renounce Religion


You were on level 11 of the Dungeon.
You worshipped Trog.
Trog was extremely pleased with you.
You were hungry.

You visited 1 branch of the dungeon, and saw 11 of its levels.
You also visited: Ossuary and Bailey.

You collected 1064 gold pieces.
You spent 132 gold pieces at shops.

Inventory:

Hand Weapons
 A - a +1 whip of electrocution
 C - a +5 flail of venom (weapon)
 L - a +1 fustibalus of freezing
 M - a +1 flail of protection
Missiles
 i - 360 stones (quivered)
 H - 8 sling bullets
Armour
 n - a +0 buckler (worn)
 D - a +0 pair of boots (worn)
 F - a scarf of repulsion (worn)
 U - a +0 plate armour (worn)
Jewellery
 g - a +3 ring of strength
 m - an uncursed ring of protection from fire
 u - a ring of protection from magic (left hand)
 w - a +3 ring of dexterity
 I - the ring of Xayss {Ice rElec Str+4}
   (You found it on level 6 of the Dungeon)

   [ring of ice]

   It enhances your ice magic.
   It affects your strength (+4).
   It makes you vulnerable to fire.
   It protects you from cold.
   It insulates you from electricity.
 K - a ring of resist corrosion (right hand)
 N - an uncursed ring of protection from fire
Wands
 f - a wand of acid (7)
 y - a wand of flame (14)
 z - a wand of scattershot (3)
 B - a wand of disintegration (17)
 R - a wand of iceblast (7)
Scrolls
 b - 2 scrolls of magic mapping
 j - 2 scrolls of enchant weapon
 o - 6 scrolls of teleportation {unknown}
 p - 7 scrolls of remove curse
 q - a scroll of blinking {unknown}
 s - 2 scrolls of identify
 t - 3 scrolls of fear {unknown}
 x - 2 scrolls of fog {unknown}
 E - 3 scrolls of random uselessness {unknown}
 J - a scroll of acquirement {unknown}
 O - a scroll of enchant armour {unknown}
Potions
 a - 3 potions of might
 d - 5 potions of lignification
 e - 3 potions of flight
 h - 4 potions of invisibility
 l - 4 potions of heal wounds
 r - 2 potions of cancellation
 v - 5 potions of curing
 G - 2 potions of mutation {unknown}
 Q - a potion of agility
Comestibles
 c - 23 rations
 k - 8 chunks of flesh


   Skills:
 + Level 10.5 Fighting
 * Level 13.7 Maces & Flails
 + Level 12.3 Armour
 + Level 4.3 Dodging
 - Level 4.0 Shields


You had 10 spell levels left.
You didn't know any spells.
Your spell library was empty.

Dungeon Overview and Level Annotations

Branches:
Dungeon (11/15)            Temple (0/1) D:4            Lair (0/6) D:8
    Orc: D:9-12

Altars:
Ashenzari
Gozag
Makhleb
Nemelex Xobeh
Okawaru
Ru
Sif Muna
Wu Jian
Yredelemnul
Zin

Shops:
D:5 [   D:7 (   D:10 [

Portals:
Trove: D:10 (give 9 potions of agility)


Innate Abilities, Weirdness & Mutations

You reflexively headbutt those who attack you in melee.
You have a pair of horns on your head.


Message History

* * * LOW HITPOINT WARNING * * *
You bludgeon the skeletal warrior!!
The skeletal warrior is heavily damaged.
You closely miss the skeletal warrior.
The skeletal warrior is heavily damaged.
The skeletal warrior hits you with a long sword.
* * * LOW HITPOINT WARNING * * *
The skeletal warrior hits you but does no damage.
You feel a strong urge to attack something.
The skeletal warrior hits you with a long sword.
* * * LOW HITPOINT WARNING * * *
The skeletal warrior hits you with a scimitar.
* * * LOW HITPOINT WARNING * * *
You are no longer berserk.
You are exhausted.
You feel yourself slow down.
The skeletal warrior hits you but does no damage.
The skeletal warrior barely misses you.
The skeletal warrior hits you with a long sword!
You die...

#############.....##...###.#
..........................>#
##############.####.........
####### ###..###.###.#####
......# #.....##.# .#
#####.# #.....##.# .. #.#
#.....##.# ##. #.#
#.....##.# .# ####.#
#####@##.# #....# #zz#
#.#..# ..... #)#..# ........
#.#.)# #.........# #.#).#
#.........# #.#..#
#.......... #.#..#
#.........# ##.#..#


You could see 2 skeletal warriors.

Vanquished Creatures
  Harold (D:7)
  A skeletal warrior (D:11)
  An orc knight (Bailey)
  Pikel (D:4)
  2 ugly things (D:11)
  A cyclops (D:11)
  2 hornets (D:9)
  The ghost of xelsha the Cutter, an amateur GrFi (D:3)
  2 hippogriffs
  A spriggan (D:11)
  A basilisk (D:10)
  2 steam dragons
  Eustachio (D:5)
  A wyvern (D:10)
  A hungry ghost (D:6)
  Grum (D:8)
  Edmund (D:5)
  Menkaure (D:5)
  8 orc warriors
  4 slaves (D:4)
  4 ice beasts
  3 sky beasts
  4 black bears
  3 wolves (D:8)
  3 ogres
  2 centaurs
  2 necrophages
  A crocodile (D:8)
  A big kobold (D:9)
  2 bullfrogs
  A gnoll sergeant (D:10)
  A scorpion (D:7)
  9 killer bees
  3 wights (D:10)
  3 electric eels (D:7)
  3 bullfrog zombies
  4 crimson imps
  2 centaur zombies
  4 quasits
  4 orc priests
  6 hounds
  A bullfrog skeleton (D:4)
  A centaur skeleton (D:7)
  2 gnoll shamans
  2 jellies
  7 orc wizards
  Ijyb (D:5)
  Jessica (D:2)
  Terence (D:2)
  3 iguanas
  6 worker ants
  3 big kobold zombies (Ossuary)
  2 hound zombies (D:4)
  Robin (D:4)
  A hound skeleton (D:4)
  A mummy (Ossuary)
  A worker ant zombie (D:4)
  19 gnolls
  A howler monkey skeleton (D:11)
  6 adders
  3 shadow imps
  2 oozes
  3 adder skeletons
  3 adder zombies (D:4)
  7 worms
  2 leopard geckos
  32 orcs
  6 spectral bats (Ossuary)
  6 giant cockroaches
  9 gnoll zombies (Ossuary)
  27 goblins
  13 hobgoblins
  16 jackals
  7 quokkas
  A ball python (D:6)
  A ball python skeleton (D:4)
  A ball python zombie (D:4)
  6 bats
  5 bat simulacra (Ossuary)
  3 frilled lizards
  A goblin simulacrum (Ossuary)
  5 goblin zombies (Ossuary)
  A hobgoblin zombie (Ossuary)
  A jackal skeleton (D:6)
  A jackal zombie (D:8)
  6 kobolds
  A kobold simulacrum (Ossuary)
  7 kobold zombies (Ossuary)
  3 leopard gecko zombies
  5 orc zombies (Ossuary)
  A quokka zombie (D:4)
  10 rats
  3 rat simulacra (Ossuary)
  5 spectral goblins (Ossuary)
  2 spectral kobolds (Ossuary)
  A spectral orc (D:2)
  5 spectral rats (Ossuary)
370 creatures vanquished.

Notes
Turn   | Place    | Note
-------+----------+-------------------------------------------
     0 | D:1      | nicolaieve the Minotaur Berserker began the quest for the
                  | Orb.
     0 | D:1      | Reached XP level 1. HP: 19/19 MP: 0/0
   142 | D:1      | Reached skill level 4 in Maces & Flails
   210 | D:1      | Reached XP level 2. HP: 23/27 MP: 1/1
   476 | D:1      | Reached skill level 5 in Maces & Flails
   476 | D:1      | Reached XP level 3. HP: 33/33 MP: 2/2
   564 | D:1      | Reached ** piety under Trog
   946 | D:2      | Noticed Terence
   952 | D:2      | Killed Terence
   980 | D:2      | Noticed Jessica
   993 | D:2      | Killed Jessica
   993 | D:2      | Reached skill level 6 in Maces & Flails
   993 | D:2      | Reached XP level 4. HP: 37/40 MP: 3/3
  1070 | D:2      | Found a sacrificial altar of Ru.
  1072 | D:2      | Found an ornate altar of the Wu Jian Council.
  1132 | D:2      | Reached XP level 5. HP: 18/46 MP: 4/4
  1299 | D:2      | Found a faded altar of an unknown god.
  1401 | D:2      | Found a basalt altar of Yredelemnul.
  1529 | D:3      | Reached skill level 7 in Maces & Flails
  1648 | D:3      | Found a transporter.
  1651 | D:3      | Noticed xelsha's ghost (amateur GrFi)
  1708 | D:3      | Found a transporter.
  1751 | D:3      | Found a burning altar of Makhleb.
  1758 | D:3      | Reached skill level 1 in Shields
  1999 | D:3      | Reached XP level 6. HP: 52/52 MP: 5/5
  2009 | D:3      | Killed xelsha's ghost
  2009 | D:3      | Reached skill level 8 in Maces & Flails
  2091 | D:4      | Reached skill level 9 in Maces & Flails
  2092 | D:4      | Reached *** piety under Trog
  2155 | D:4      | Found a sand-covered staircase.
  2165 | Ossuary  | Entered an ossuary
  2277 | Ossuary  | Reached XP level 7. HP: 58/58 MP: 6/6
  2354 | Ossuary  | Reached **** piety under Trog
  2794 | D:4      | Found a staircase to the Ecumenical Temple.
  2844 | D:4      | Noticed Robin
  2863 | D:4      | Killed Robin
  2905 | D:4      | Found an iron altar of Okawaru.
  3262 | D:4      | Noticed Pikel
  3295 | D:4      | Killed Pikel
  3295 | D:4      | Reached skill level 11 in Maces & Flails
  3295 | D:4      | Reached XP level 8. HP: 36/66 MP: 7/7
  3770 | D:5      | Entered Level 5 of the Dungeon
  3802 | D:5      | Noticed Ijyb
  3807 | D:5      | Killed Ijyb
  3824 | D:5      | Noticed Menkaure
  3824 | D:5      | Noticed Eustachio
  3833 | D:5      | Killed Menkaure
  3847 | D:5      | Killed Eustachio
  3847 | D:5      | Reached skill level 12 in Maces & Flails
  3879 | D:5      | Noticed Edmund
  3893 | D:5      | Killed Edmund
  4264 | D:5      | Found an opulent altar of Gozag.
  4325 | D:5      | Found Ugo Taymno's Armour Shop.
  4330 | D:5      | Bought a scarf of repulsion for 132 gold pieces
  4727 | D:6      | Reached skill level 5 in Armour
  4941 | D:6      | Reached skill level 5 in Fighting
  4952 | D:6      | Got a shimmering jade ring
  4954 | D:6      | Reached ***** piety under Trog
  4956 | D:6      | Identified the ring of Xayss {Ice rElec Str+4} (You found
                  | it on level 6 of the Dungeon)
  4998 | D:6      | Found a shattered altar of Ashenzari.
  5016 | D:6      | Reached XP level 9. HP: 72/74 MP: 8/8
  5289 | D:6      | Found a sparkling altar of Nemelex Xobeh.
  5300 | D:6      | Received a gift from Trog
  5468 | D:6      | Found a deep blue altar of Sif Muna.
  5682 | D:7      | Found Aphoshrakku's Weapon Shoppe.
  5688 | D:7      | Noticed Harold
  5694 | D:7      | Killed Harold
  5810 | D:7      | Found a flagged portal.
  5827 | Bailey   | Entered a bailey
  5843 | Bailey   | Noticed an orc knight
  6118 | Bailey   | Identified the Incunabulum of Sinister Enchantment
  6303 | Bailey   | Noticed an orc knight
  6314 | Bailey   | Killed an orc knight
  6314 | Bailey   | Reached XP level 10. HP: 34/90 MP: 9/9
  6587 | D:7      | Received a gift from Trog
  6982 | D:7      | Reached skill level 10 in Armour
  7046 | D:7      | Found a glowing silver altar of Zin.
  7385 | D:8      | Found a staircase to the Lair.
  7399 | D:8      | Noticed Grum
  7430 | D:8      | Killed Grum
  8785 | D:10     | Entered Level 10 of the Dungeon
  8787 | D:10     | Found a portal to a secret trove of treasure.
  8833 | D:10     | Received a gift from Trog
  8833 | D:10     | Reached skill level 10 in Fighting
  8872 | D:10     | Reached XP level 11. HP: 83/99 MP: 10/10
  8926 | D:10     | Found Xaxzaqext's Antique Armour Shoppe.
  9722 | D:11     | Reached skill level 13 in Maces & Flails
  9924 | D:11     | Noticed a purple ugly thing
  9924 | D:11     | Noticed a purple ugly thing
  9927 | D:11     | Noticed a skeletal warrior
  9929 | D:11     | Noticed a skeletal warrior
  9935 | D:11     | Killed a purple ugly thing
  9938 | D:11     | Noticed a skeletal warrior
  9947 | D:11     | Killed a skeletal warrior
  9954 | D:11     | Killed a purple ugly thing
  9961 | D:11     | Slain by a skeletal warrior

Skill      XL: |  1  2  3  4  5  6  7  8  9 10 11 |
---------------+----------------------------------+-----
Maces & Flails | 4 5 6 7 9 11 12 13 | 13.7
Shields        | 1 2 4 |  4.0
Fighting       | 5 8 10 | 10.5
Armour         | 5 9 11 12 | 12.3
Dodging        | 4 |  4.3

Action                   |  1- 3 |  4- 6 |  7- 9 | 10-12 || total
-------------------------+-------+-------+-------+-------++-------
Melee: Whip              |    67 |   161 |   452 |   187 ||   867
       Mace              |     8 |       |       |       ||     8
       Headbutt          |     5 |    39 |   111 |    84 ||   239
       Flail             |       |       |       |   197 ||   197
Invok: Berserk           |     3 |     4 |     8 |     4 ||    19
       Trog's Hand       |       |     1 |     1 |     1 ||     3
  Use: Scroll            |       |     7 |     4 |     3 ||    14
 Stab: Sleeping          |     1 |       |       |       ||     1
  Eat: Chunk             |     3 |     7 |    16 |    15 ||    41
       Ration            |       |       |     2 |       ||     2
Armor: Animal skin       |     3 |       |       |       ||     3
       Scale mail        |    12 |       |       |       ||    12
       Chain mail        |     9 |    62 |   115 |    41 ||   227
       Plate armour      |       |       |       |    76 ||    76
Dodge: Dodged            |    35 |    57 |   140 |   106 ||   338
       Deflected         |       |       |     8 |     7 ||    15
Block: Buckler           |       |    26 |    65 |    65 ||   156
